 Dungeon Crawl Stone Soup version 0.27-a0-1312-g5cdb2b3542 (webtiles) character file.

Game seed: 15651476571879792940

849 pcat the Magician (level 7, -8/40 HPs)
             Began as a Deep Elf Conjurer on June 20, 2021.
             Mangled by Edmund (17 damage)
             ... on level 4 of the Dungeon.
             The game lasted 00:04:16 (4327 turns).

pcat the Magician (Deep Elf Conjurer)               Turns: 4327, Time: 00:04:16

Health: -8/40      AC:  2    Str:  4    XL:     7   Next: 69%
Magic:  14/20      EV: 12    Int: 25    God:
Gold:   202        SH:  0    Dex: 13    Spells: 14/21 levels left

rFire    . . .     SeeInvis .   l - staff of air
rCold    . . .     Faith    .   (no shield)
rNeg     . . .     Spirit   .   a - +0 robe
rPois    .         Reflect  .   (no helmet)
rElec    +         Harm     .   (no cloak)
rCorr    .         Rampage  .   (no gloves)
Will     .....                  (no boots)
Stlth    ++........             (no amulet)
HPRegen  0.13/turn              (no ring)
MPRegen  0.17/turn              (no ring)

@: no status effects
A: no striking features
a: no special abilities


You were on level 4 of the Dungeon.
You visited 1 branch of the dungeon, and saw 4 of its levels.

You collected 202 gold pieces.

Inventory:

Armour
 a - a +0 robe (worn)
Magical Staves
 l - a staff of air (weapon)
 m - a staff of death
Scrolls
 f - 2 scrolls of teleportation {unknown}
 i - 2 scrolls of identify {unknown}
 n - a scroll of magic mapping {unknown}
Potions
 b - a potion of brilliance {unknown}
 c - 2 potions of berserk rage {unknown}
 d - 2 potions of haste {unknown}
 e - a potion of magic {unknown}
 g - a potion of flight {unknown}
 h - 2 potions of attraction {unknown}
 j - a potion of lignification {unknown}
 k - a potion of heal wounds {unknown}


   Skills:
 + Level 2.8 Fighting
 - Level 2.4 Dodging
 - Level 2.4 Stealth
 * Level 7.6 Spellcasting
 * Level 7.4 Conjurations
 + Level 1.9 Translocations


You had 14 spell levels left.
You knew the following spells:

 Your Spells              Type           Power      Damage    Failure   Level
a - Magic Dart            Conj           100%       1d8       1%          1
b - Searing Ray           Conj           92%        3d6       1%          2
c - Iskenderun's Mystic   Conj/Tloc      32%        2d8       9%          4

Your spell library contained the following spells:

 Spells                   Type           Power      Damage    Failure   Level
 Dazzling Flash           Conj/Hex       56%        N/A       4%          3
 Animate Skeleton         Necr           18%        N/A       6%          1
 Pain                     Necr           36%        1d5       6%          1
 Fulminant Prism          Conj/Hex       14%        3d9       14%         4
 Vampiric Draining        Necr           4%         2d6       19%         3
 Animate Dead             Necr           4%         N/A       54%         4
 Agony                    Necr           9%         N/A       87%         5


Dungeon Overview and Level Annotations

Branches:
Dungeon (4/15)
 Temple: D:4-7

Altars:
Kikubaaqudgha

Annotations:
D:3 3 runed translucent doors, Demosthentine's ghost, amateur MfGl
D:4 Edmund


Message History

You see here a +0 halberd.
Things that are here:
a +0 giant club; an ogre corpse
Things that are here:
a +0 giant spiked club; an ogre corpse Key pressed, stopping explore.
You can't see any susceptible monsters within range! (Use Z to cast anyway.)
You see here a +0 halberd.
You see here a +0 halberd.
There is an open door here.
Found a whip.
You can't see any susceptible monsters within range! (Use Z to cast anyway.)
You see here a +0 whip.
Found a scroll of immolation.
You can't see any susceptible monsters within range! (Use Z to cast anyway.)
Found a stone staircase leading down.
You can't see any susceptible monsters within range! (Use Z to cast anyway.) Edmund the Younger comes into view.
He is wielding a +5 dire flail of protection.
Edmund shouts!
The magic dart hits Edmund but does no damage.
Edmund is nearby!
The magic dart hits Edmund but does no damage.
Edmund hits you with a +5 dire flail of protection!
Casting: Magic Dart (safe; 1% risk of failure)
Confirm with . or Enter, or press ? or * to list all spells.
Aiming: Searing Ray (safe; 1% risk of failure)
Press: ? - help, Shift-Dir - straight line, f/p - Edmund
Aim: Edmund, wielding a +5 dire flail of protection and wearing a +0 chain mail (87% to hit)
The searing ray hits Edmund!
Edmund is moderately wounded. (Press . to maintain the ray.) Edmund completely misses you.
The searing ray hits Edmund.
Edmund is moderately wounded.
Edmund hits you with a +5 dire flail of protection!
* * * LOW HITPOINT WARNING * * *
The searing ray hits Edmund.
Edmund is heavily wounded.
Edmund hits you with a +5 dire flail of protection!
You die...

..# #.?......# ..# #........#
### #........### #
#........+.#.#
########........#.#.###
...................>..
####.####.####.##.#.## #
#.#.....#....# #.
#)#.##..@....#
#.####.#.###.#@#..#
####......#.# #.#... ...
........###.# #....... #
####.##.# #.###########
.....##'###..........
###..........#################
###..........# #.......#
.##..........# #.#####.#


You could see Edmund.

Vanquished Creatures
  Grinder (D:3)
  Eustachio (D:4)
  2 ogres (D:4)
  A necrophage (D:3)
  A gnoll shaman (D:4)
  A bullfrog skeleton (D:3)
  An iguana (D:4)
  7 gnolls
  5 adders
  3 dart slugs
  4 orcs
  5 ball pythons
  8 bats
  2 endoplasms
  2 giant cockroaches (D:1)
  9 goblins
  4 hobgoblins
  7 kobolds
  A quokka (D:4)
  5 frilled lizards
  4 rats
74 creatures vanquished.

Notes
Turn   | Place    | Note
-------+----------+-------------------------------------------
     0 | D:1      | pcat the Deep Elf Conjurer began the quest for the Orb.
     0 | D:1      | Reached XP level 1. HP: 10/10 MP: 6/6
   335 | D:1      | Reached XP level 2. HP: 15/15 MP: 5/8
   338 | D:1      | Learned a level 2 spell: Searing Ray
   386 | D:1      | Found a faded altar of an unknown god.
  1287 | D:2      | Reached XP level 3. HP: 20/20 MP: 6/10
  1390 | D:2      | Reached skill level 5 in Conjurations
  1426 | D:2      | Reached skill level 1 in Fighting
  1463 | D:2      | Found an ancient bone altar of Kikubaaqudgha.
  1717 | D:3      | Reached XP level 4. HP: 25/25 MP: 7/12
  1824 | D:3      | Noticed Grinder
  1832 | D:3      | Paralysed by Grinder for 4 turns
  1855 | D:3      | Killed Grinder
  1856 | D:3      | Reached skill level 5 in Spellcasting
  1856 | D:3      | Reached XP level 5. HP: 20/30 MP: 2/15
  2014 | D:3      | Found a runed translucent gate.
  2014 | D:3      | Found a runed translucent gate.
  2014 | D:3      | Found a runed translucent gate.
  2128 | D:3      | Noticed a necrophage
  2137 | D:3      | Killed a necrophage
  2138 | D:3      | Reached XP level 6. HP: 35/35 MP: 9/17
  2644 | D:3      | Noticed Demosthentine's ghost (amateur MfGl)
  3186 | D:3      | Learned a level 4 spell: Iskenderun's Mystic Blast
  3723 | D:4      | Noticed Eustachio
  3747 | D:4      | Killed Eustachio
  3748 | D:4      | Reached skill level 1 in Translocations
  3748 | D:4      | Reached XP level 7. HP: 31/40 MP: 3/19
  4322 | D:4      | Noticed Edmund
  4327 | D:4      | Mangled by Edmund

Illustrated notes

Levels and vault maps discovered:
D:1:      psy_arrival_fountain, layout_basic, hellmonk_ecumenical_altar_blasted
D:2:      layout_basic, basic_altar
D:3:      layout_basic, gammafunk_ghost_icy, kennysheep_generic_room_8,
          uniq_grinder
D:4:      layout_basic, uniq_eustachio, uniq_edmund

Skill      XL: |  1  2  3  4  5  6 |
---------------+-------------------+-----
Spellcasting   | 4 5 6 7 |  7.6
Conjurations   | 5 6 7 |  7.4
Fighting       | 1 2 |  2.8
Translocations | 1 |  1.9
Dodging        | |  2.4
Stealth        | |  2.4

Action                   |  1- 3 |  4- 6 |  7- 9 || total
-------------------------+-------+-------+-------++-------
Melee: Staff             |       |     3 |       ||     3
 Cast: Magic Dart        |    72 |    68 |    25 ||   165
       Searing Ray       |       |     9 |     5 ||    14
Dodge: Dodged            |     6 |    21 |     2 ||    29

Table legend: (Time is in decaauts)
 A = Elapsed time spent in this place.
 B = Non-inter-level travel time spent in this place.
 C = Inter-level travel time spent in this place.
 D = Time resting spent in this place.
 E = Time spent auto-exploring this place.
 F = Levels seen in this place.
 G = Mean time per level.
                   A        B        C        D        E       F      G
               +--------+--------+--------+--------+--------+-----+--------+
         Total |   4329 |   4179 |    150 |    425 |   3332 |   4 | 1082.2 |
       Dungeon |   4329 |   4179 |    150 |    425 |   3332 |   4 | 1082.2 |
               +--------+--------+--------+--------+--------+-----+--------+

Top non-repeatable levels by time:
     D:3: 1374 daAuts
     D:4: 1156 daAuts
     D:1: 1114 daAuts
     D:2: 684 daAuts
